[Event "Late-Titled-Tuesday-Blitz-March-05-2024"]
[Site "Chess.com"]
[Date "2024.03.05"]
[Round "9"]
[White "Oleksandr_Bortnyk"]
[Black "TigrVShlyape"]
[Result "0-1"]
[WhiteElo "2988"]
[BlackElo "2877"]
[TimeControl "180+1"]
[EndTime "15:41:06 PST"]
[Termination "TigrVShlyape won by resignation"]

1. d4 d5 2. Nc3 Nf6 3. Bf4 c6 4. e3 Bf5 5. Nf3 e6 6. Ne5 h6 7. Bd3 Bxd3 8. cxd3 Nbd7 9. O-O Nxe5 10. dxe5 Nd7 11.
Ne2 Be7 12. a3 O-O 13. Rc1 a5 14. h3 f6 15. exf6 Bxf6 16. d4 e5 17. dxe5 Nxe5 18. Bxe5 Bxe5 19. Qb3 Rf7 20. Rfd1 Qe7 21. Rc2 Kh8 22.
Nc1 a4 23. Qa2 Bd6 24. Nd3 Rf6 25. Qb1 Qe4 26. Re2 Raf8 27. f3 Qh4 28. e4 dxe4 29.
Rxe4 Qg3 30. f4 Bxf4 31. Nxf4 Rxf4 32. Rxf4 Qxf4 33. Qc2 Qe3+ 34. Kh1 Qe5 35. Qd2 Qe4 36.
Re1 Qf4 37. Qc2 Qd4 38. Rd1 Qe5 39. Qd2 b5 40. Qc2 c5 41. Qd2 c4 42. Re1 Qf5 43. Qb4 Kh7 44. Qc3 Rf6 45. Re5 Qf1+ 46. Kh2 Rg6 47. Qf3 Qxf3 48. gxf3 Rg5 49. Re6 Rd5 50.
Re2 Rd3 51. Kg3 Rb3 52. Kg4 Kg6 53. h4 Kf6 54. h5 c3 55. bxc3 Rxa3 56. Ra2 0-1

[Event "Late-Titled-Tuesday-Blitz-March-05-2024"]
[Site "Chess.com"]
[Date "2024.03.05"]
[Round "9"]
[White "Jahonas"]
[Black "ninguno46"]
[Result "1-0"]
[WhiteElo "2392"]
[BlackElo "2486"]
[TimeControl "180+1"]
[EndTime "15:41:07 PST"]
[Termination "Jahonas won on time"]

1. d4 Nf6 2. Nf3 e6 3. Bf4 c5 4. e3 b6 5. c3 Bb7 6. Bd3 Be7 7. h3 O-O 8. O-O cxd4 9. exd4 d6 10. Re1 Nbd7 11. Nbd2 Qc7 12. Bh2 Rfe8 13. Qe2 Bf8 14. a4 a6 15. Nc4 b5 16. axb5 axb5 17.
Na3 b4 18. cxb4 Qb6 19. b5 Bxf3 20. Qxf3 Qxd4 21. Qe2 d5 22. Red1 Qb4 23. Rab1 Qa5 24. Nc2 Qb6 25. Nd4 e5 26. Nc6 e4 27. Bc2 e3 28. f3 g6 29. Kh1 Bh6 30. Bd3 Nh5 31.
g4 Nf4 32. Bxf4 Bxf4 33. Kg2 Nf8 34. Bc2 Ne6 35. Bb3 Bc7 36. Kh1 Nf4 37. Qe1 e2 38. Rxd5 Qe3 39. Rd4 Qxf3+ 40. Kh2 1-0

[Event "Late-Titled-Tuesday-Blitz-March-05-2024"]
[Site "Chess.com"]
[Date "2024.03.05"]
[Round "9"]
[White "RantomOpening"]
[Black "Rodalquilar"]
[Result "0-1"]
[WhiteElo "2588"]
[BlackElo "2789"]
[TimeControl "180+1"]
[EndTime "15:41:09 PST"]
[Termination "Rodalquilar won by resignation"]

1. c4 e6 2. Nf3 d5 3. e3 Nf6 4. Nc3 Be7 5. b3 b6 6. Bb2 dxc4 7. bxc4 Bb7 8. d4 O-O 9. Bd3 c5 10. O-O cxd4 11. exd4 Nc6 12. a3 Rc8 13. d5 exd5 14. cxd5 Na5 15. Re1 Nxd5 16. Nxd5 Bxd5 17. Rxe7 Qxe7 18.
Bxh7+ Kxh7 19. Qxd5 Rc5 20. Qd4 f6 21. Qh4+ Kg8 22.
h3 Rc4 23. Qg3 Qc7 24. Qg6 Qf7 25. Qg3 Rcc8 26. Nh4 Qh5 27. Re1 Qg5 28. Qxg5 fxg5 29. Nf3 Nc4 30. Bd4 Rfe8 31. Ra1 Rcd8 32. Rc1 Nd2 33. Be3 Nxf3+ 34. gxf3 Re5 35. f4 gxf4 36. Bxf4 Ra5 37. Rc3 Rd1+ 38. Kg2 Ra1 39. Bd6 Rd5 40.
Bf4 Rad1 41. h4 R1d3 42. Rc8+ Rd8 43. Rc7 R8d7 44. Rc8+ Kf7 45. a4 R3d4 46. a5 Rxf4 47. axb6 axb6 48. Rc6 Rxh4 49. Kg3 Rb4 50. Rc3 b5 51. Rc8 Rc4 52. Rb8 b4 53. Rb6 Rd3+ 54.
Kg2 b3 55. Rc6 Rxc6 0-1

[Event "Late-Titled-Tuesday-Blitz-March-05-2024"]
[Site "Chess.com"]
[Date "2024.03.05"]
[Round "9"]
[White "IlanSchnaider"]
[Black "andrzej"]
[Result "1-0"]
[WhiteElo "2624"]
[BlackElo "2482"]
[TimeControl "180+1"]
[EndTime "15:41:11 PST"]
[Termination "IlanSchnaider won by checkmate"]

1. e4 e5 2. Nf3 Nf6 3. d4 Nxe4 4. Bd3 d5 5. Nxe5 Bd6 6. O-O O-O 7. c4 c5 8. cxd5 Nf6 9. Bg5 cxd4 10. Nf3 Be7 11. Nxd4 h6 12. Bxf6 Bxf6 13. Be4 Qb6 14.
Nb3 Bxb2 15. N1d2 Bxa1 16. Qxa1 Re8 17. Rc1 Nd7 18. Bf3 Ne5 19. h3 Bf5 20. Re1 Nd3 21. Rf1 Re1 22. Rxe1 Qxf2+ 23. Kh2 Nxe1 24. Qe5 Bc2 25. Be4 Bxb3 26. Nxb3 f6 27. Qe6+ Kh8 28. Qg4 Re8 29. d6 Qe3 30. d7 Rd8 31. Qf5 Kg8 32. Qe6+ Kf8 33. Qd6+ Kf7 34. Qd5+ Kf8 35. Nc5 Rxd7 36. Nxd7+ Ke7 37. Nc5 Qf4+ 38. Kg1 Qe3+ 39. Kf1 Nd3 40. Qd7+ Kf8 41. Ne6+ Kg8 42. Qxg7# 1-0

[Event "Late-Titled-Tuesday-Blitz-March-05-2024"]
[Site "Chess.com"]
[Date "2024.03.05"]
[Round "9"]
[White "NtcPou"]
[Black "howitzer14"]
[Result "0-1"]
[WhiteElo "2029"]
[BlackElo "2985"]
[TimeControl "180+1"]
[EndTime "15:41:11 PST"]
[Termination "howitzer14 won by checkmate"]

1. e4 c5 2. Nf3 d6 3. Bb5+ Nd7 4. a4 Nf6 5. Nc3 e5 6. O-O Be7 7. Re1 O-O 8. d3 h6 9. Ne2 Nb8 10. c3 Be6 11. a5 a6 12. Ba4 Qxa5 13. Be3 b5 14.
Bc2 Qc7 15. h3 d5 16. Ng3 dxe4 17. dxe4 Re8 18. Qd2 Bf8 19. Rad1 Nbd7 20. Qc1 c4 21. Nh4 Rad8 22. Nhf5 Kh7 23. Kh2 Ng8 24. Bd2 Nc5 25.
Ne3 Nd3 26. Bxd3 Rxd3 27. Nef5 g6 28. Ne3 Red8 29. Nef1 Qd7 30. Qc2 h5 31. Ne3 Rxd2 32. Qc1 Rxd1 33. Rxd1 Qe8 34. Re1 Bh6 35. Qc2 h4 36.
Ngf1 Bf4+ 37. g3 Bxe3 38. Nxe3 Nf6 39. g4 Kg7 40. Re2 Nh7 41. f3 Ng5 42. Ng2 Nxf3+ 43. Kh1 Rd3 44. Ne1 Qd7 45. Nxf3 Rxf3 46. Kg2 Bxg4 47. Rf2 Rg3+ 48. Kh2 Rxh3+ 49. Kg2 Rg3+ 50. Kh2 Bf3 51. Qc1 Qh3# 0-1

[Event "Late-Titled-Tuesday-Blitz-March-05-2024"]
[Site "Chess.com"]
[Date "2024.03.05"]
[Round "9"]
[White "rychessmaster1"]
[Black "WPWPWP-2015"]
[Result "1-0"]
[WhiteElo "2722"]
[BlackElo "2509"]
[TimeControl "180+1"]
[EndTime "15:41:12 PST"]
[Termination "rychessmaster1 won by checkmate"]

1. d4 d5 2. c4 e6 3. Nc3 Nf6 4. Nf3 Be7 5. Bf4 O-O 6. e3 Re8 7. Rc1 c6 8. Bd3 Nbd7 9. h3 Nh5 10. Bh2 f5 11. g4 fxg4 12. hxg4 Nhf6 13. Ne5 h6 14.
Qf3 Nxe5 15. Bxe5 Nd7 16. Bf4 Rf8 17. Qg3 Bg5 18. Bd6 Be7 19. cxd5 exd5 20. Ne2 Bxd6 21.
Qxd6 Qf6 22. Qg3 Re8 23. Kd2 Nf8 24. Rcg1 Ne6 25. f4 Qe7 26. g5 h5 27. Rxh5 c5 28.
Qh4 Nf8 29. Rh8+ Kf7 30. g6+ Ke6 31. Qh5 Kd6 32. Qe5+ Qxe5 33. fxe5+ Ke7 34. Rf1 Be6 35. Nf4 Nd7 36. Rh7 Rg8 37. Nh5 Raf8 38. Rf4 Rxf4 39. exf4 cxd4 40. f5 Nf8 41. fxe6 Nxh7 42. gxh7 Rh8 43.
Nxg7 b5 44. Bf5 Kf8 45. Nh5 Ke7 46. Kd3 a6 47. Kxd4 a5 48. Nf4 Ke8 49. Kxd5 b4 50. Kd6 Rf8 51. e7 Rh8 52. Bg6# 1-0

[Event "Late-Titled-Tuesday-Blitz-March-05-2024"]
[Site "Chess.com"]
[Date "2024.03.05"]
[Round "9"]
[White "Arystanner"]
[Black "Slovak_fighter2000"]
[Result "1/2-1/2"]
[WhiteElo "2856"]
[BlackElo "2647"]
[TimeControl "180+1"]
[EndTime "15:41:13 PST"]
[Termination "Game drawn - insufficient material"]

1. e4 e6 2. d4 d5 3. e5 c5 4.
c3 Qb6 5. Nf3 Bd7 6. Bd3 Bb5 7.
dxc5 Bxc5 8. b4 Bf8 9. Be3 Qa6 10. Bxb5+ Qxb5 11. Nd4 Qd7 12. O-O Nc6 13. f4 Nxd4 14.
Bxd4 Ne7 15. Nd2 Nf5 16. Nb3 Be7 17. Qd3 h5 18. Bf2 Qc7 19. Rfc1 b6 20. c4 dxc4 21. Rxc4 Qb7 22. Rac1 O-O 23. Rc7 Qd5 24. Qxd5 exd5 25. b5 Ba3 26. Rd1 Rfd8 27. h3 Kf8 28. g4 hxg4 29.
hxg4 Ne7 30. Bh4 Rdc8 31. Bxe7+ Bxe7 32. Rxc8+ Rxc8 33. Rxd5 Rc4 34. Rd7 Rxf4 35. Rxa7 Rxg4+ 36. Kf1 Bd8 37. e6 Rf4+ 38. Kg2 fxe6 39. Rd7 Ke8 40. Rxg7 Rb4 41. Kf3 Rxb5 42. Nd4 Bf6 43. Rg8+ Kf7 44. Nxb5 Kxg8 45. Ke4 Kf7 46. Nd6+ Kf8 47. a4 Bd8 48. Nc4 Bc7 49. Na3 Ke7 50. Nb5 Kd7 51. Kd4 Kc6 52. Kc4 Bb8 53. Nd4+ Kd7 54. Nb5 Be5 55. Kd3 Kc6 56. Kc4 Bf6 57. Na7+ Kb7 58. Nb5 e5 59.
Kd5 Bh8 60. Nd6+ Ka6 61. Nc4 b5 62. axb5+ Kxb5 63. Nxe5 1/2-1/2

[Event "Late-Titled-Tuesday-Blitz-March-05-2024"]
[Site "Chess.com"]
[Date "2024.03.05"]
[Round "9"]
[White "ArtemDyachuk"]
[Black "toninhojit"]
[Result "1-0"]
[WhiteElo "2688"]
[BlackElo "2538"]
[TimeControl "180+1"]
[EndTime "15:41:13 PST"]
[Termination "ArtemDyachuk won by resignation"]

1. e4 e5 2. Nf3 Nc6 3. Bb5 Nf6 4. d3 Bc5 5. Bxc6 dxc6 6. Nbd2 Bd6 7. O-O Be6 8. b3 Nd7 9. Bb2 f6 10. d4 Qe7 11.
Re1 O-O-O 12. Qe2 Bg4 13. h3 Bh5 14. Qe3 Kb8 15. Nf1 Bxf3 16. Qxf3 exd4 17. Bxd4 Be5 18. Bxe5 Nxe5 19. Qe2 Ng6 20. Ng3 Qb4 21. Rad1 Ne5 22. Qe3 g6 23. Nf1 b6 24. a4 a5 25. Nd2 Qd4 26. Nf1 Qxe3 27. Nxe3 Kc8 28. Kf1 Rhe8 29.
Ke2 Nf7 30. f3 Ng5 31. Kf2 Ne6 32. Ng4 Rf8 33. e5 f5 34. Nf6 Rf7 35. h4 f4 36.
Rxd8+ Kxd8 37. Rd1+ Kc8 38. Ne4 Re7 39. Nf6 Nf8 40.
Re1 Nd7 41. Nxd7 Kxd7 42. Re4 Ke6 43. Rxf4 Kxe5 44. Re4+ Kf6 45. Rxe7 Kxe7 46. Ke3 Ke6 47. Ke4 h6 48. f4 Kf6 49. g4 h5 50. g5+ Ke7 51.
f5 Kf7 52. Ke5 c5 53. fxg6+ 1-0

[Event "Late-Titled-Tuesday-Blitz-March-05-2024"]
[Site "Chess.com"]
[Date "2024.03.05"]
[Round "9"]
[White "Cambek64"]
[Black "fandebobbyfischer"]
[Result "1/2-1/2"]
[WhiteElo "2485"]
[BlackElo "2636"]
[TimeControl "180+1"]
[EndTime "15:41:14 PST"]
[Termination "Game drawn by repetition"]

1. d4 Nf6 2. Nf3 g6 3. h3 Bg7 4.
c3 O-O 5. Bf4 d6 6. e3 c5 7. Be2 Nc6 8. O-O cxd4 9. cxd4 Re8 10. Nc3 Bd7 11. a3 Rc8 12. Rc1 Na5 13. Nd2 Be6 14. b4 Nc4 15. Nxc4 Bxc4 16. Bg5 d5 17. Bxf6 Bxf6 18. Bxc4 Rxc4 19. Qb3 e6 20. Na4 b5 21.
Nb2 Rxc1 22. Rxc1 Be7 23. Qc3 Bd6 24. Nd3 Qb6 25. Qc6 Rd8 26. f4 Qb8 27. Ne5 Bxe5 28. fxe5 Qb6 29. Rc5 Rb8 30. Qd7 Rd8 31. Qc7 Rb8 32.
Qe7 Qa6 33. Rc3 Rc8 34. Rxc8+ Qxc8 35. Qc5 Qa6 36. Kh2 Qa4 37. Qe7 Qb3 38. Qd8+ Kg7 39. Qf6+ Kg8 40. Qd8+ Kg7 41. Qf6+ Kh6 42. Qh4+ Kg7 43.
Qf6+ 1/2-1/2

[Event "Late-Titled-Tuesday-Blitz-March-05-2024"]
[Site "Chess.com"]
[Date "2024.03.05"]
[Round "9"]
[White "Alphafischer2019"]
[Black "KuzubovYuriy"]
[Result "1-0"]
[WhiteElo "2750"]
[BlackElo "2913"]
[TimeControl "180+1"]
[EndTime "15:41:16 PST"]
[Termination "Alphafischer2019 won on time"]

1. Nf3 d5 2. g3 Nf6 3. Bg2 c5 4.
O-O e6 5. c4 d4 6. d3 Nc6 7. e3 h6 8. exd4 cxd4 9. Re1 Bd6 10. a3 a5 11. Qc2 Nd7 12. Nbd2 O-O 13. Rb1 Re8 14. Ne4 Bf8 15. c5 a4 16. b4 axb3 17.
Rxb3 e5 18. Bd2 Nf6 19. Nxf6+ Qxf6 20. Bb4 Be6 21. Rbb1 Bd5 22. Nd2 Bxg2 23. Kxg2 h5 24. Ne4 Qe6 25. Qb3 Qxb3 26. Rxb3 Red8 27. f4 f6 28. f5 Ne7 29. Rf1 Rd7 30. Bd2 Nc6 31. Rfb1 Ra7 32. h3 Be7 33. g4 hxg4 34. hxg4 Kf7 35.
Kf3 Ra8 36. Rxb7 Rxb7 37. Rxb7 Rxa3 38. Rc7 Nd8 39. Nd6+ Kf8 40. Ke4 Ra2 41. Bb4 Ra4 42. Bd2 Ra2 43. Be1 Rc2 44. Kd5 Rg2 45. Nc8 Re2 46. Bb4 1-0

[Event "Late-Titled-Tuesday-Blitz-March-05-2024"]
[Site "Chess.com"]
[Date "2024.03.05"]
[Round "9"]
[White "Igor_Lysyj"]
[Black "nindjaxx8"]
[Result "1/2-1/2"]
[WhiteElo "2835"]
[BlackElo "2709"]
[TimeControl "180+1"]
[EndTime "15:41:16 PST"]
[Termination "Game drawn by repetition"]

1. d4 d5 2. c4 e6 3. Nf3 Nf6 4. g3 Be7 5. Bg2 O-O 6. O-O b6 7. cxd5 exd5 8. Nc3 Bb7 9. Bf4 c6 10. Qc2 Nbd7 11. Rad1 Rc8 12. Ne5 Re8 13. Qb3 Nf8 14.
e4 Ne6 15. Be3 dxe4 16. Nxe4 Nxe4 17. Bxe4 Bf6 18. Qc2 h6 19. Rfe1 Bxe5 20. dxe5 Qe7 21. Qc1 Rcd8 22. Rxd8 Rxd8 23. Rd1 c5 24. Bxb7 Qxb7 25.
Rxd8+ Nxd8 26. Qd2 Ne6 27. f4 Qe4 28. Bf2 h5 29. Qe1 Qd5 30. Qe2 h4 31. Qg4 hxg3 32.
hxg3 Qxa2 33. f5 Nd4 34. Bxd4 cxd4 35. f6 Qb1+ 36. Kg2 Qc2+ 37. Kg1 Qc1+ 38. Kh2 Qh6+ 39.
Kg2 d3 40. Qc8+ Kh7 41. Qf5+ Qg6 42. Qh3+ Qh6 43. Qf5+ Qg6 44. Qh3+ Qh6 45. Qf5+ 1/2-1/2

[Event "Late-Titled-Tuesday-Blitz-March-05-2024"]
[Site "Chess.com"]
[Date "2024.03.05"]
[Round "9"]
[White "picturesquecheck"]
[Black "1g60-1"]
[Result "1-0"]
[WhiteElo "2414"]
[BlackElo "2278"]
[TimeControl "180+1"]
[EndTime "15:41:16 PST"]
[Termination "picturesquecheck won on time"]

1. e4 g6 2. d4 Bg7 3. Nc3 d6 4.
Be3 c6 5. f3 Nf6 6. Qd2 b5 7.
a4 b4 8. Nd1 a5 9. Bd3 Ba6 10.
Ne2 h5 11. O-O Nbd7 12. Nf2 Qc8 13. c4 c5 14. Rac1 cxd4 15. Nxd4 Nc5 16. Qd1 O-O 17. b3 Nxd3 18. Qxd3 d5 19. exd5 Nxd5 20. cxd5 Bxd3 21.
Rxc8 Bxf1 22. Rxf8+ Kxf8 23. Kxf1 Bxd4 24. Bxd4 Ke8 25. Ne4 Rd8 26. d6 exd6 27. Bb6 Ra8 28. Nxd6+ Kd7 29. Nc4 Kc6 30. Bxa5 Kc5 31. Bb6+ Kc6 32.
a5 Kb5 33. Nd6+ Ka6 34. Nxf7 Rc8 35. Ne5 Rc3 36. Nxg6 Rxb3 37. Nf4 Rc3 38. Nd5 Rc4 39.
Nxb4+ Rxb4 40. Kf2 Rb2+ 41. Kg3 h4+ 42. Kh3 Kb7 43. f4 Kc6 44. g3 hxg3 45. hxg3 Kd5 46. Bc7 Ke4 47. Be5 Ra2 48. Bc7 Kf3 49. f5 Ke4 50. g4 Ra1 51. Kh4 Rh1+ 52. Kg5 1-0

[Event "Late-Titled-Tuesday-Blitz-March-05-2024"]
[Site "Chess.com"]
[Date "2024.03.05"]
[Round "9"]
[White "Bugcrusher"]
[Black "northridgehawk"]
[Result "1-0"]
[WhiteElo "2524"]
[BlackElo "2333"]
[TimeControl "180+1"]
[EndTime "15:41:19 PST"]
[Termination "Bugcrusher won by checkmate"]

1. e4 e5 2. Nf3 Nc6 3. c3 d5 4. Qa4 f6 5. d3 Ne7 6. Nbd2 Be6 7. Be2 Qd7 8. O-O g5 9. Rd1 g4 10. Ne1 h5 11. Nf1 d4 12. Qc2 O-O-O 13. a3 Ng6 14. b4 dxc3 15. Qxc3 Nd4 16. Qb2 Rg8 17. Be3 Nf4 18.
Bxd4 exd4 19. g3 Nh3+ 20. Kg2 f5 21. f4 gxf3+ 22. Bxf3 fxe4 23. dxe4 Bg4 24. Qe2 Nf4+ 25. gxf4 Bxf3+ 26. Kxf3 Qg4+ 27. Kf2 Qg1+ 28. Kf3 d3 29. Rxd3 Rxd3+ 30. Nxd3 Be7 31. Qf2 Qg4+ 32. Ke3 Rd8 33. Ne5 Qe6 34. Rd1 Rxd1 35. Nd3 Qb3 36. Qe2 Bh4 37.
Ng3 a5 38. e5 axb4 39. axb4 Be7 40. Nf5 Bxb4 41. Nd4 Bc5 42. Ke4 Bxd4 43. Kxd4 b6 44. e6 Rxd3+ 45. Qxd3 Qxe6 46. Kc3 Qf6+ 47. Kc4 Qxf4+ 48. Kb5 Qe5+ 49. Kc4 Qc5+ 50. Kb3 Kb7 51. Qf3+ Ka6 52. Qa8+ Kb5 53. Qa4# 1-0

[Event "Late-Titled-Tuesday-Blitz-March-05-2024"]
[Site "Chess.com"]
[Date "2024.03.05"]
[Round "9"]
[White "Practical-Play"]
[Black "TheCavemanChess"]
[Result "0-1"]
[WhiteElo "2581"]
[BlackElo "2739"]
[TimeControl "180+1"]
[EndTime "15:41:20 PST"]
[Termination "TheCavemanChess won by resignation"]

1. e4 Nc6 2. Nf3 d6 3. d4 Nf6 4.
c3 g6 5. h3 Bg7 6. Bd3 O-O 7. O-O e5 8. Re1 h6 9. Be3 Re8 10.
Nbd2 Bd7 11. a3 a5 12. Qc2 a4 13. Nf1 Na5 14. Rad1 Qe7 15. Ng3 Be6 16. c4 exd4 17.
Bxd4 Nb3 18. Bc3 Nc5 19. Bf1 Nfd7 20. Nd4 Be5 21. Nge2 Bxc4 22. f4 Bxd4+ 23. Nxd4 Bxf1 24. Rxf1 Qxe4 25. Qf2 Qe7 26. Rfe1 Qf8 27. Nb5 Rxe1+ 28. Rxe1 f6 29. Qd4 Rc8 30. Qd5+ Qf7 31. Qd4 Ne6 32. Qc4 Nec5 33. Qd4 Kg7 34. Rf1 Kh7 35. f5 g5 36. Qe3 Ne5 37. Nd4 Re8 38. Qd2 Nc4 39. Qf2 Nd3 40. Qf3 Re3 41. Qxb7 Rg3 42. Ne6 Ne3 43. Rf3 Rxg2+ 44. Kh1 Nf2+ 45. Rxf2 Rxf2 46. Bd4 Rf1+ 47. Kh2 Nxf5 48. Qc8 Nxd4 49. Nxd4 Qd5 50.
Qd7+ Kg6 51. Qe8+ Qf7 52. Qe4+ f5 53. Qe2 Rf4 54. Ne6 Re4 0-1

[Event "Late-Titled-Tuesday-Blitz-March-05-2024"]
[Site "Chess.com"]
[Date "2024.03.05"]
[Round "9"]
[White "Zadar321"]
[Black "IMRosen"]
[Result "1-0"]
[WhiteElo "2551"]
[BlackElo "2657"]
[TimeControl "180+1"]
[EndTime "15:41:22 PST"]
[Termination "Zadar321 won on time"]

1. e4 c5 2. Nf3 Nc6 3. d4 cxd4 4. Nxd4 g6 5. Nc3 Bg7 6. Be3 Nf6 7. Bc4 O-O 8. Bb3 Re8 9. f3 e6 10. f4 Nd5 11. exd5 exd5 12. O-O Rxe3 13. Ndb5 d4 14.
Nd5 Rxb3 15. axb3 d6 16. Kh1 Bf5 17. Re1 a6 18. Nbc7 Rc8 19. Re8+ Qxe8 20. Nxe8 Rxe8 21. b4 Be4 22. Qe2 Kf8 23. Qc4 Rc8 24. Re1 Ne7 25. Qxc8+ Nxc8 26. Rxe4 f5 27. Re1 Kf7 28. g3 Bf8 29.
Kg2 Na7 30. Kf3 Nc6 31. c3 dxc3 32. bxc3 Bg7 33. g4 fxg4+ 34. Kxg4 Bf8 35. Kf3 Bg7 36. h4 h5 37. f5 Ne5+ 38. Ke4 gxf5+ 39. Kxf5 Bh6 40.
Ke4 Ke6 41. Rf1 Ng4 42. Nf4+ Kd7 43. Nxh5 Ke6 44. Nf4+ Kd7 45. Nd5 Ke6 46. h5 Bg7 47.
Nf4+ Kd7 48. Rf3 Nf6+ 49. Kf5 1-0

[Event "Late-Titled-Tuesday-Blitz-March-05-2024"]
[Site "Chess.com"]
[Date "2024.03.05"]
[Round "9"]
[White "BillCoe"]
[Black "Teidi96"]
[Result "0-1"]
[WhiteElo "2131"]
[BlackElo "2304"]
[TimeControl "180+1"]
[EndTime "15:41:22 PST"]
[Termination "Teidi96 won by resignation"]

1. e4 c5 2. Nf3 d6 3. d4 cxd4 4. Nxd4 Nf6 5. Nc3 a6 6. h3 e5 7. Nde2 Be6 8. g4 Be7 9. Bg2 O-O 10. Be3 Nc6 11. O-O Rc8 12. Nd5 Bxd5 13. exd5 Nb8 14. b3 b5 15. a4 b4 16. Qd2 a5 17. Ng3 g6 18. Rac1 Qc7 19. Bg5 Qc3 20. Ne4 Nxe4 21. Qxc3 Nxc3 22. Bxe7 Ne2+ 23. Kh2 Nxc1 24. Rxc1 Rfd8 25.
Bxd8 Rxd8 26. c4 Na6 27. Be4 Nc5 28. Bc2 Kg7 29. f3 Rf8 30. Re1 f5 31. Kg3 Kf6 32. h4 h6 33. Rg1 Re8 34. Kf2 e4 35. g5+ hxg5 36. hxg5+ Ke5 37. fxe4 Nxe4+ 38. Ke3 Rh8 39.
Bxe4 fxe4 40. Rf1 Rh3+ 41. Ke2 Rxb3 42. Rf6 Kd4 43. Rxd6 Rb2+ 44. Kf1 e3 45. Re6 Kd3 46.
d6 Rb1+ 47. Kg2 Kxc4 48. Rxe3 Rd1 49. Re6 b3 50. d7 Rxd7 51. Rb6 Kc3 52. Kf3 b2 53.
Ke4 Kc2 54. Rc6+ Kd2 55. Rb6 Kc1 56. Rc6+ Kb1 57. Rb6 Ka2 58. Ke5 b1=Q 59. Rxb1 Kxb1 60. Ke6 Rd4 61. Kf6 Rxa4 62. Kxg6 Rg4 0-1

[Event "Late-Titled-Tuesday-Blitz-March-05-2024"]
[Site "Chess.com"]
[Date "2024.03.05"]
[Round "9"]
[White "ckgchess"]
[Black "Harry_Rakkel"]
[Result "0-1"]
[WhiteElo "2910"]
[BlackElo "2726"]
[TimeControl "180+1"]
[EndTime "15:41:23 PST"]
[Termination "Harry_Rakkel won by checkmate"]

1. e4 c5 2. c3 Nf6 3. e5 Nd5 4. d4 cxd4 5. Bc4 e6 6. cxd4 Nb6 7.
Bd3 Nc6 8. Nf3 h6 9. O-O d5 10. Nc3 Bd7 11. Be3 Nb4 12. Bb1 a5 13. a3 Nc6 14. Nd2 a4 15. Qg4 Na5 16. Bd3 Rc8 17.
Nb5 Nac4 18. Bxc4 Nxc4 19. Nxc4 Bxb5 20. Nd6+ Bxd6 21. Qxg7 Kd7 22. exd6 Bxf1 23. Qxf7+ Kc6 24. Qxe6 Qxd6 25. Qxd6+ Kxd6 26. Rxf1 Rc2 27. Rb1 h5 28. h4 Rhc8 29. g3 R8c6 30. Kg2 Rb6 31. Bc1 Rb3 32.
Kf1 b5 33. Ke1 Kc6 34. Kf1 b4 35. axb4 a3 36. g4 hxg4 37. h5 axb2 38. Bg5 Rh3 39.
Kg2 Rxh5 40. Be3 Rh3 41. Bg5 Kb5 42. Bf4 Rf3 43. Bg3 Kxb4 44. Bh4 Kb3 45. Re1 Rc1 46. Re8 b1=Q 47. Rb8+ Kc4 48. Rxb1 Rxb1 49. Bg3 Kxd4 50. Bh4 Ke4 51. Bg3 d4 52. Bh4 d3 53. Bg5 Rd1 54. Bh6 d2 55. Bg5 Kd3 56. Bh6 Re1 57.
Bxd2 Kxd2 58. Kh2 Re2 59. Kg1 Rexf2 60. Kh1 Re2 61. Kg1 g3 62. Kh1 Rf1# 0-1

[Event "Late-Titled-Tuesday-Blitz-March-05-2024"]
[Site "Chess.com"]
[Date "2024.03.05"]
[Round "9"]
[White "Alexei_Gubajdullin"]
[Black "sergiochess83"]
[Result "0-1"]
[WhiteElo "2635"]
[BlackElo "2843"]
[TimeControl "180+1"]
[EndTime "15:41:23 PST"]
[Termination "sergiochess83 won on time"]

1. Nf3 Nf6 2. g3 b5 3. Bg2 Bb7 4. O-O e6 5. b3 c5 6. Bb2 Be7 7. Na3 b4 8. Nc4 O-O 9. a3 a5 10. d4 d5 11. Nce5 cxd4 12. Nxd4 bxa3 13. Rxa3 Qc7 14. f4 Bxa3 15. Bxa3 Rc8 16. Bh3 Nbd7 17. Nxf7 Kxf7 18. Bxe6+ Ke8 19. Nf5 Nc5 20. Bxc8 Rxc8 21. Qd4 Nce4 22. Qe5+ Qxe5 23. fxe5 Rxc2 24. exf6 gxf6 25.
Rf4 Rxe2 26. Rxe4+ dxe4 27. Nd6+ Kd7 28. Nxb7 Kc6 29.
Nxa5+ Kd5 30. Nc4 Ra2 31. Kf1 Kd4 32. Bb2+ Kd3 33. Bxf6 e3 34. Ne5+ Ke4 35. Nc4 Rf2+ 36.
Ke1 Rxf6 37. b4 Rf2 38. b5 Rxh2 39. b6 Rh1+ 40. Ke2 Rb1 41. b7 Kd5 42. Nxe3+ Kc6 43.
Kf3 Rxb7 44. Kg4 Kd6 45. Kg5 Ke6 46. Kh6 Rb3 0-1

[Event "Late-Titled-Tuesday-Blitz-March-05-2024"]
[Site "Chess.com"]
[Date "2024.03.05"]
[Round "9"]
[White "AccioChess"]
[Black "Crazy_girl99"]
[Result "0-1"]
[WhiteElo "2420"]
[BlackElo "2576"]
[TimeControl "180+1"]
[EndTime "15:41:24 PST"]
[Termination "Crazy_girl99 won on time"]

1. e4 e5 2. Nf3 Nc6 3. Bb5 a6 4. Ba4 Nf6 5. O-O Nxe4 6. d4 b5 7. Bb3 d5 8. dxe5 Be6 9. Nbd2 Be7 10. c3 Nc5 11. Bc2 d4 12. Nb3 d3 13. Bb1 Nxb3 14.
axb3 Bf5 15. h3 O-O 16. Re1 a5 17. Be3 Qd5 18. Nd4 Nxd4 19. cxd4 Bb4 20. Rf1 Qe4 21. Qh5 Bg6 22. Qg4 Qd5 23. f4 c5 24. f5 h5 25. Qf4 cxd4 26. Bxd4 Bxf5 27. Qxf5 Qxd4+ 28. Kh1 Rad8 29. Qxh5 Qxb2 30. Ra2 Qxb3 31. Raf2 g6 32. Qg4 Qe6 33. Qg3 Rd5 34. Rf6 Qxe5 35. Rxg6+ fxg6 36. Qxg6+ Qg7 37. Qe6+ Kh8 38. Rxf8+ Qxf8 39. Qxd5 Qf1+ 40. Kh2 Qxb1 41. Qh5+ Kg7 42. Qg5+ Kf7 43. Qf5+ Ke7 44. Qe5+ Kd7 45. Qxb5+ Ke6 46. Qe8+ Kd5 47. Qf7+ Kd4 48. Qf6+ Kc4 49. Qf7+ Kc3 50. Qf6+ Kc2 51. h4 Qb2 52. Qf5 Qd4 53. h5 Bd6+ 54. Kh3 Qf4 55. Qc8+ Kd1 56.
Qg4+ Qxg4+ 57. Kxg4 d2 58. h6 Ke1 59. h7 d1=Q+ 60. Kf5 Qh5+ 0-1

[Event "Late-Titled-Tuesday-Blitz-March-05-2024"]
[Site "Chess.com"]
[Date "2024.03.05"]
[Round "9"]
[White "xasid81"]
[Black "grzechu96"]
[Result "0-1"]
[WhiteElo "2575"]
[BlackElo "2735"]
[TimeControl "180+1"]
[EndTime "15:41:25 PST"]
[Termination "grzechu96 won by resignation"]

1. Nf3 d5 2. b3 Bf5 3. Bb2 e6 4. e3 Nf6 5. Be2 h6 6. O-O Be7 7. d4 O-O 8. Bd3 c6 9. Nbd2 a5 10.
Qe2 a4 11. e4 Bh7 12. exd5 cxd5 13. Bxh7+ Kxh7 14. c4 Nc6 15. Bc3 Kg8 16. c5 Qd7 17. b4 Na7 18. Ne5 Qb5 19. Qf3 Nd7 20. Rfe1 Nxe5 21.
dxe5 Nc6 22. a3 Rfc8 23. Qg3 b6 24. cxb6 Qxb6 25. Nf3 Bf8 26. h4 Ne7 27. Bd4 Qb5 28. Qg4 Nf5 29. Rac1 Qd3 30. Bc5 Qxa3 31. Ra1 Qd3 32.
Bxf8 Kxf8 33. b5 Qxb5 34. Qf4 Rc4 35. Qd2 a3 36. Reb1 Qa6 37. Qa2 Kg8 38. Rb3 Nxh4 39.
Rxa3 Qxa3 40. Qxa3 Rxa3 41. Rxa3 Nxf3+ 42. gxf3 Rf4 43. Re3 Kh7 44. Kg2 Kg6 45. Kg3 Kf5 46. Ra3 g5 47. Ra1 Kxe5 48. Rh1 Rh4 49. f4+ Rxf4 50. Rxh6 f5 51.
Rg6 g4 52. Rxe6+ Kxe6 53. Kxf4 d4 54. f3 gxf3 55. Kxf3 Ke5 56. Ke2 Ke4 57. Kd2 f4 58.
Ke1 f3 0-1

[Event "Late-Titled-Tuesday-Blitz-March-05-2024"]
[Site "Chess.com"]
[Date "2024.03.05"]
[Round "9"]
[White "Bekkedahl"]
[Black "ShahMatKanal"]
[Result "0-1"]
[WhiteElo "2221"]
[BlackElo "2495"]
[TimeControl "180+1"]
[EndTime "15:41:25 PST"]
[Termination "ShahMatKanal won by resignation"]

1. e4 c5 2. Nf3 Nc6 3. Bb5 g6 4. O-O Bg7 5. c3 Qb6 6. a4 a6 7. Bxc6 dxc6 8. Qc2 a5 9. Na3 Be6 10. d3 Nf6 11. h3 O-O 12. Be3 Bb3 13. Qe2 Nd7 14. d4 cxd4 15. cxd4 Qa6 16. Qxa6 bxa6 17. Nd2 Bxa4 18. Nac4 Bb5 19. Rxa5 Rfd8 20. Rc1 Nf8 21. Nf3 Ne6 22. Na3 Nxd4 23. Nxd4 Bxd4 24. Bxd4 Rxd4 25. Nxb5 cxb5 26. f3 Rd2 27. b3 Rb2 28. Rc3 Rd8 29.
Ra1 Rdd2 30. g4 Rg2+ 31. Kh1 Rh2+ 32. Kg1 Rxh3 33. Rxa6 Rg3+ 34. Kf1 Rh3 35. Kg1 Rhh2 36. Ra1 Rhg2+ 37. Kh1 Rgd2 38. Rac1 Kg7 39. f4 Rh2+ 40. Kg1 Rhg2+ 41. Kh1 Rxg4 42. f5 Rxe4 43. fxg6 hxg6 44. Rh3 Rb4 45. Re1 R4xb3 46. Rxb3 Rxb3 47. Rxe7 Rb2 48. Rb7 b4 49. Kg1 g5 50. Kh1 Kg6 51. Kg1 f6 52.
Rb8 g4 53. Rb5 f5 54. Rb8 Kg5 55. Rg8+ Kf4 56. Rb8 b3 57. Rf8 Kg3 0-1